 Dungeon Crawl Stone Soup version 0.30-b1-2-g02819fbbbe (webtiles) character file.

Game seed: 3737099451353263980

21336 motkurizz the Fighter (level 13, -2/103 HPs)
             Began as a Formicid Venom Mage on Aug 13, 2023.
             Was a High Priest of Okawaru.
             Slain by a cyclops (6 damage)
             ... while petrified by a basilisk
             ... on level 11 of the Dungeon.
             The game lasted 01:27:14 (17405 turns).

motkurizz the Fighter (Formicid Venom Mage)        Turns: 17405, Time: 01:27:14

Health: -2/103     AC: 15    Str: 21    XL:     13   Next: 19%
Magic:  11/18      EV:  2    Int: 17    God:    Okawaru [*****.]
Gold:   567        SH:  0    Dex: 14    Spells: 8/18 levels left

rFire   + . .        Z - +0 dire flail (protect)
rCold   . . .        X - +1 tower shield of the Snake Pit {Str+3 Int+2 Stlth+}
rNeg    + + +        x - +0 acid dragon scales
rPois   ∞            (helmet unavailable)
rElec   +            a - +0 cloak
rCorr   +            W - +0 pair of gloves
SInv    +            (no boots)
Will    +....        h - amulet of faith
Stlth   ++++         i - +4 ring of protection
HPRegen 0.37/turn    A - ring of Noon {rElec rF+ rCorr Stlth+}
MPRegen 0.16/turn

%: faith
@: petrified
A: permanent stasis, dig shafts and tunnels, antennae 3, four strong arms,
screaming 1
a: Dig, Shaft Self, Renounce Religion, Heroism, Finesse, Duel


You were on level 11 of the Dungeon.
You worshipped Okawaru.
Okawaru was extremely pleased with you.
You visited 3 branches of the dungeon, and saw 15 of its levels.

You collected 1456 gold pieces.
You spent 889 gold pieces at shops.

Inventory:

Hand Weapons
 c - a +0 great mace
 j - a +1 battleaxe of venom
 l - a +2 whip of freezing
 s - a +1 demon blade of electrocution
 P - a +2 scimitar of flaming
 U - the +2 morningstar "Xuada" {freeze, Will+ MP+9}
   (Okawaru gifted it to you on level 11 of the Dungeon)

   MP:        It affects your magic capacity (+9).
   Will:      It increases your willpower.
 Z - a +0 dire flail of protection (weapon)
Missiles
 O - a silver boomerang (quivered)
 R - 8 curare-tipped darts
Armour
 a - a +0 cloak (worn)
 x - +0 acid dragon scales (worn)
 W - a +0 pair of gloves (worn)
 X - the +1 tower shield of the Snake Pit (worn) {Str+3 Int+2 Stlth+}
   (Okawaru gifted it to you on level 11 of the Dungeon)

   Str:       It affects your strength (+3).
   Int:       It affects your intelligence (+2).
   Stlth:     It makes you more stealthy.
Jewellery
 h - an amulet of faith (around neck)
 i - a +4 ring of protection (left hand)
 A - the ring of Noon (right hand) {rElec rF+ rCorr Stlth+}
   (You bought it in a shop on level 2 of the Orcish Mines)

   [ring of resist corrosion]

   rF:        It protects you from fire.
   rElec:     It insulates you from electricity.
   rCorr:     It protects you from acid and corrosion.
   Stlth:     It makes you more stealthy.
 L - a +6 ring of strength
Wands
 k - a wand of polymorph (4)
 B - a wand of paralysis (9)
 T - a wand of flame (5)
Scrolls
 e - 2 scrolls of fog
 n - 6 scrolls of fear {unknown}
 p - 6 scrolls of poison {unknown}
 C - a scroll of magic mapping
 G - a scroll of torment
 H - a scroll of silence
 J - a scroll of brand weapon
 M - 2 scrolls of noise {unknown}
 N - 5 scrolls of enchant armour {unknown}
 Y - a scroll of immolation
Potions
 b - a potion of magic
 g - 4 potions of flight
 m - 3 potions of cancellation
 o - 4 potions of curing
 q - a potion of invisibility {unknown}
 r - 4 potions of lignification
 t - 3 potions of heal wounds {unknown}
 u - a potion of ambrosia {unknown}
 w - a potion of berserk rage {unknown}
 z - 2 potions of brilliance
 E - 3 potions of mutation
 I - 4 potions of attraction
 Q - 5 potions of might {unknown}
Miscellaneous
 V - a phial of floods


   Skills:
 - Level 10.2 Fighting
 - Level 6.0 Long Blades
 * Level 8.1 Maces & Flails
 - Level 9.1 Armour
 - Level 8.0 Dodging
 - Level 3.0 Stealth
 * Level 7.5 Shields
 - Level 3.0 Spellcasting
 - Level 1.1 Transmutations
 * Level 9.2 Poison Magic
 - Level 7.0 Invocations
 - Level 2.0 Evocations


You had 8 spell levels left.
You knew the following spells:

 Your Spells              Type           Power      Damage    Failure   Level
c - Mephitic Cloud        Conj/Pois/Air  13%        N/A       65%         3
f - Sting                 Tmut/Pois      80%        1d7       13%         1
r - Olgreb's Toxic Radia  Pois           34%        N/A       24%         4
v - Poisonous Vapours     Pois/Air       36%        N/A       24%         2

Your spell library contained the following spells:

 Spells                   Type           Power      Damage    Failure   Level
 Magic Dart               Conj           8%         1d3       71%         1
 Searing Ray              Conj           4%         2d4       85%         2
 Portal Projectile        Hex/Tloc       4%         N/A       97%         3
 Fulminant Prism          Conj/Hex       1%         3d5       100%        4
 Blade Hands              Tmut           3%         N/A       100%        5
 Tukima's Dance           Hex            Unusable   N/A       N/A         3

Dungeon Overview and Level Annotations

Branches:
Dungeon (11/15)            Temple (0/1) D:5            Lair (2/5) D:8
    Orc (2/2) D:11            Elf (0/3) Orc:2
  Swamp: Lair:2-3    Shoals: Lair:2-3     Snake: Lair:2-3    Spider: Lair:2-3

Altars:
Dithmenos
Fedhas
Gozag
Hepliaklqana
Kikubaaqudgha
Okawaru
Sif Muna
Wu Jian

Shops:
Orc:2 =*=:(

Annotations:
D:3 1 runed translucent door, Crazy Yiuf
D:4 Menkaure
D:7 Maggie
D:10 exclusion: 2 downstairs
D:11 2 transporters, zielscheibe's ghost, journeyman DEIE


Innate Abilities, Weirdness & Mutations

You cannot be hasted, slowed, berserked, paralysed or teleported.
You can dig through walls and to a lower floor.
You have a pair of large antennae on your head. (SInv)
Your four strong arms can wield two-handed weapons with a shield.
You occasionally shout uncontrollably at your foes.


Message History

Okay, then.
Okay, then.
Okay, then.
Okay, then.
Press: ? - help, v - describe, . - travel, g - get item
Here: a cyclops, quivering large rocks Item here: an ugly thing corpse.
The floor, spattered with blood.
Okay, then.
Are you sure you want to shaft yourself?
The basilisk bites you but does no damage.
You block the basilisk's attack.
The cyclops hits you but does no damage.
Your limbs are stiffening.
You begin to dig a shaft.
You continue digging a shaft.
You block the basilisk's attack.
The cyclops hits you but does no damage.
You have turned to stone.
You stop digging.
The basilisk gazes at you.
You easily resist.
The basilisk hisses menacingly.
The basilisk bites you!
* * * LOW HITPOINT WARNING * * *
The cyclops hits you!
* * * LOW HITPOINT WARNING * * *
The basilisk gazes at you.
The cyclops hits you but does no damage.
The basilisk gazes at you.
You easily resist.
The basilisk bites you.
* * * LOW HITPOINT WARNING * * *
The cyclops hits you!!
* * * LOW HITPOINT WARNING * * *
The basilisk gazes at you.
You easily resist.
The cyclops hits you.
* * * LOW HITPOINT WARNING * * *
You feel like a meek peon again.
The basilisk bites you but does no damage.
The cyclops hits you!
You die...

....## ..#.#........ #.
#....# ##..#........
..##....# #..#.......[
##......#{ .#?#©......)
........#{ ..:#........
........# .#O#©.....).
#......)#{ {.#.......)
.#.....lC# [.#........
.......)@# #.#........
.........# .O#........
.........# ###........
.........### ##..........
...........###...........
#.........##............
.#......##...............
.............)...........
......#....#........)....


You could see a cyclops and a basilisk.

Vanquished Creatures
  2 two-headed ogres
  Erica (D:8)
  A boulder beetle (Lair:1)
  Sonja (D:10)
  Pikel (D:7)
  3 orc knights
  2 ugly things
  Joseph (D:10)
  A gargoyle (D:10)
  An orange demon (D:11)
  2 cane toads
  A rime drake (Lair:1)
  2 komodo dragons
  5 trolls
  3 hornets
  A hellwing (D:11)
  Prince Ribbit (D:5)
  4 blink frogs (Lair:1)
  13 yaks
  3 wyverns
  Sigmund (D:3)
  A shadow (D:6)
  3 ynoxinuls (D:11)
  A chaos spawn (D:11)
  A fire bat (D:11)
  2 steam dragons
  2 wargs (Orc:1)
  An acid dragon (D:8)
  4 water moccasins
  An ice beast (D:7)
  25 orc warriors
  2 sky beasts (D:7)
  3 ogres
  12 centaurs
  2 phantoms
  A lemure (D:7)
  2 kobold brigands
  Blork the orc (D:5)
  5 bullfrogs
  A scorpion (D:6)
  3 wights (D:8)
  5 killer bees (D:10)
  7 howler monkeys
  A quasit (D:11)
  5 hounds
  12 orc priests
  2 jellies
  Ijyb (D:3)
  A sleepcap (D:7)
  5 iguanas
  14 orc wizards
  9 adders
  2 shadow imps (D:6)
  2 white imps
  2 ufetubi
  3 worms
  2 dart slugs
  77 orcs
  4 bats
  9 endoplasms
  5 giant cockroaches
  9 goblins
  10 hobgoblins
  7 jackals
  12 kobolds
  3 quokkas
  11 ball pythons
  A frilled lizard (D:1)
  5 rats
349 creatures vanquished.

Vanquished Creatures (others)
  An orc wizard (Orc:2)
  7 demonic plants (D:11)
  9 fungi
  33 plants
50 creatures vanquished.

Grand Total: 399 creatures vanquished

Notes
Turn   | Place    | Note
-------+----------+-------------------------------------------
     0 | D:1      | motkurizz the Formicid Venom Mage began the quest for the
                  | Orb.
     0 | D:1      | Reached XP level 1. HP: 13/13 MP: 3/3
   178 | D:1      | Reached XP level 2. HP: 20/20 MP: 1/5
   519 | D:1      | Reached skill level 1 in Fighting
   622 | D:1      | Learned a level 2 spell: Poisonous Vapours
   633 | D:1      | Reached XP level 3. HP: 25/26 MP: 3/6
  1393 | D:2      | Reached XP level 4. HP: 32/32 MP: 5/8
  1452 | D:2      | Reached skill level 5 in Poison Magic
  2539 | D:3      | Reached XP level 5. HP: 37/37 MP: 5/9
  3011 | D:3      | Noticed Ijyb
  3020 | D:3      | Gained mutation: You occasionally shout uncontrollably at
                  | your foes. [potion of mutation]
  3024 | D:3      | HP: 1/55 [disintegration (16)]
  3025 | D:3      | Killed Ijyb
  3026 | D:3      | Reached skill level 1 in Long Blades
  3206 | D:3      | Reached skill level 2 in Fighting
  3272 | D:3      | Noticed Sigmund
  3279 | D:3      | Killed Sigmund
  3280 | D:3      | Reached skill level 3 in Fighting
  3280 | D:3      | Reached XP level 6. HP: 47/47 MP: 0/10
  3395 | D:3      | Learned a level 4 spell: Olgreb's Toxic Radiance
  3417 | D:3      | Found a runed translucent door.
  3418 | D:3      | Noticed Crazy Yiuf
  3950 | D:4      | Reached XP level 7. HP: 53/53 MP: 5/11
  4179 | D:4      | Reached skill level 4 in Fighting
  4185 | D:4      | Learned a level 3 spell: Mephitic Cloud
  4247 | D:4      | Noticed Menkaure
  4311 | D:5      | Entered Level 5 of the Dungeon
  4347 | D:5      | Found an iron altar of Okawaru.
  4434 | D:5      | Became a worshipper of Warmaster Okawaru
  4624 | D:5      | Reached skill level 1 in Armour
  4624 | D:5      | Reached skill level 1 in Invocations
  4624 | D:5      | Reached skill level 1 in Evocations
  4841 | D:5      | Noticed Blork the orc
  4853 | D:5      | Found a staircase to the Ecumenical Temple.
  4934 | D:5      | Killed Blork the orc
  5044 | D:5      | Reached XP level 8. HP: 61/61 MP: 2/12
  5153 | D:5      | Noticed Prince Ribbit
  5162 | D:5      | Killed Prince Ribbit
  5162 | D:5      | Reached * piety under Okawaru
  5163 | D:5      | Reached skill level 5 in Fighting
  5847 | D:6      | Reached skill level 6 in Fighting
  5971 | D:6      | Reached ** piety under Okawaru
  5972 | D:6      | Reached XP level 9. HP: 56/69 MP: 4/13
  6255 | D:7      | Noticed Pikel
  6264 | D:7      | Killed Pikel
  6264 | D:7      | Reached *** piety under Okawaru
  6265 | D:7      | Reached skill level 7 in Fighting
  6419 | D:7      | Noticed Maggie
  7337 | D:8      | Reached skill level 5 in Long Blades
  7396 | D:8      | Reached skill level 8 in Fighting
  7471 | D:8      | Reached XP level 10. HP: 47/80 MP: 12/14
  7475 | D:8      | Reached skill level 5 in Armour
  7733 | D:6      | Reached **** piety under Okawaru
  7798 | D:6      | Noticed a gargoyle
  7799 | D:6      | Noticed a manticore
  7865 | D:8      | Reached skill level 5 in Dodging
  7960 | D:8      | Noticed a komodo dragon
  7981 | D:8      | Killed a komodo dragon
  8089 | D:8      | Found a staircase to the Lair.
  8161 | D:8      | Noticed Erica
  8172 | D:8      | Killed Erica
  8173 | D:8      | Reached skill level 9 in Fighting
  8488 | D:8      | Reached ***** piety under Okawaru
  8649 | D:9      | Received a gift from Okawaru
  9121 | D:9      | Reached XP level 11. HP: 68/90 MP: 3/15
  9354 | D:9      | Noticed a two-headed ogre
  9565 | D:9      | Found a blossoming altar of Fedhas.
  9566 | D:9      | Found an ancient bone altar of Kikubaaqudgha.
  9618 | D:9      | Killed a two-headed ogre
  9618 | D:9      | Received a gift from Okawaru
  9619 | D:9      | Reached skill level 10 in Fighting
  9690 | D:10     | Entered Level 10 of the Dungeon
  9949 | Lair:1   | Entered Level 1 of the Lair of Beasts
  9957 | Lair:1   | Identified the +5 scale mail of Wepust {rPois rN+++ Str-4
                  | Slay-4}
 10088 | Lair:1   | Reached skill level 1 in Shields
 10187 | Lair:1   | Reached skill level 1 in Maces & Flails
 10363 | Lair:1   | Noticed a boulder beetle
 10571 | Lair:1   | Identified the +1 robe of Hedonism {Int+2} (Okawaru gifted
                  | it to you on level 1 of the Lair of Beasts)
 10571 | Lair:1   | Received a gift from Okawaru
 10680 | Lair:1   | Killed a boulder beetle
 11666 | D:10     | Reached XP level 12. HP: 84/97 MP: 9/16
 11883 | D:10     | Noticed Joseph
 11899 | D:10     | Killed Joseph
 12153 | D:10     | Noticed Sonja
 12164 | D:10     | Killed Sonja
 12279 | D:10     | Found a shadowy altar of Dithmenos.
 12280 | D:10     | Found a shimmering blue altar of Sif Muna.
 12286 | D:10     | Found an opulent altar of Gozag.
 12286 | D:10     | Found a hazy altar of Hepliaklqana.
 12289 | D:10     | Found an ornate altar of the Wu Jian Council.
 12665 | D:11     | Noticed a soul eater
 12883 | D:11     | Identified the +2 morningstar "Xuada" {freeze, Will+ MP+9}
                  | (Okawaru gifted it to you on level 11 of the Dungeon)
 12883 | D:11     | Received a gift from Okawaru
 12889 | D:11     | Reached skill level 5 in Maces & Flails
 13018 | D:11     | Noticed a two-headed ogre
 13033 | D:10     | Reached skill level 5 in Invocations
 13205 | D:11     | Killed a two-headed ogre
 13206 | D:11     | Reached skill level 5 in Shields
 13514 | D:11     | Found a transporter.
 13521 | D:11     | Identified the +1 tower shield of the Snake Pit {Str+3
                  | Int+2 Stlth+} (Okawaru gifted it to you on level 11 of the
                  | Dungeon)
 13521 | D:11     | Received a gift from Okawaru
 13546 | D:11     | Noticed zielscheibe's ghost (journeyman DEIE)
 13561 | D:11     | Noticed a two-headed ogre
 13562 | D:11     | Identified the +1 giant spiked club of Xixuptez {spect, rC+
                  | rN+ Will+ Str+3}
 13562 | D:11     | Noticed a two-headed ogre
 13746 | D:11     | Found a staircase to the Orcish Mines.
 13764 | Orc:1    | Entered Level 1 of the Orcish Mines
 13902 | Orc:1    | Reached ****** piety under Okawaru
 14005 | Orc:2    | Entered Level 2 of the Orcish Mines
 15873 | Orc:2    | Found Doesos's Antique Weapon Shop.
 16025 | Orc:2    | Reached XP level 13. HP: 55/103 MP: 5/17
 16045 | Orc:2    | HP: 4/103 [orc knight/+0 broad axe (12)]
 16837 | Orc:2    | Found a staircase to the Elven Halls.
 16903 | Orc:2    | Found Tiwnu's Assorted Antiques.
 16903 | Orc:2    | Found Cuiref's Jewellery Shop.
 16905 | Orc:2    | Found Yllouqeg's Book Boutique.
 16907 | Orc:2    | Found Holoa's Jewellery Shoppe.
 16932 | Orc:2    | Bought the ring of Noon {rElec rF+ rCorr Stlth+} for 744
                  | gold pieces
 16940 | Orc:2    | Bought a scroll labelled ETERUI HASK for 29 gold pieces
 16940 | Orc:2    | Bought a scroll of identify for 58 gold pieces
 16940 | Orc:2    | Bought a scroll labelled GEKLAR TOEMO for 29 gold pieces
 16940 | Orc:2    | Bought a scroll labelled OTEBUAB XOIDU for 29 gold pieces
 17259 | D:11     | Found a transporter.
 17403 | D:11     | HP: 5/103 [cyclops (10)]
 17405 | D:11     | Slain by a cyclops

Illustrated notes

Levels and vault maps discovered:
D:1:      erik_arrival_blinker_ship, layout_loops_ring, minmay_tetromino_o4
D:2:      layout_basic, chequers_garden
D:3:      layout_rooms, uniq_ijyb, uniq_crazy_yiuf_cottage, uniq_sigmund
D:4:      layout_cave_pools, uniq_menkaure
D:5:      layout_loops_corners, okawaru_gym_becter,
          minmay_temple_entry_steel_oval, serial_bayou, serial_bayou_lake_a,
          serial_bayou_shore_b, serial_bayou_lagoon_b, serial_bayou_pond_e,
          serial_bayou_pond_e, hellmonk_bongcloud_opening, chequers_avenue,
          uniq_prince_ribbit1, uniq_blork_the_orc
D:6:      minmay_klotski, layout_rooms
D:7:      layout_loops_cross, minmay_misc_feat_more_columns, uniq_maggie,
          uniq_pikel
D:8:      layout_cave_pools, david_lair_shrubbed,
          nicolae_concentric_dashed_squares_mild, uniq_erica
D:9:      layout_loops_ring, grunt_temple_overflow_growth_and_decay
D:10:     layout_gridville, minitemple, uniq_sonja, uniq_joseph
D:11:     layout_cave_pools, hiddenorc2_lemuel, gammafunk_ghost_smash,
          serial_demonic, serial_demonic_a, serial_demonic_f, serial_demonic_e,
          serial_demonic_f, serial_shops, kennysheep_little_box,
          minmay_checkerbox
Lair:1:   layout_loops_ring, grunt_megastairs_5
Lair:2:   layout_hall_layers, hellmonk_spider_entry_not_the_bees,
          chequers_serial_rivers_micro_a, serial_bayou_pond_a,
          serial_bayou_shore_b
Orc:1:    layout_caves
Orc:2:    st_orc_rangers, layout_caves, serial_shops, nicolae_shop_waterfront

Skill      XL: |  1  2  3  4  5  6  7  8  9 10 11 12 13 |
---------------+----------------------------------------+-----
Fighting       | 1 3 4 6 8 9 10 | 10.2
Stealth        | 3 |  3.0
Spellcasting   | 3 |  3.0
Poison Magic   | 6 7 8 9 |  9.2
Dodging        | 2 3 4 6 7 8 |  8.0
Long Blades    | 2 3 4 5 6 |  6.0
Armour         | 1 3 4 7 8 9 |  9.1
Invocations    | 1 2 3 6 7 |  7.0
Evocations     | 1 2 |  2.0
Shields        | 3 6 7 |  7.5
Maces & Flails | 3 7 8 |  8.1
Transmutations | |  1.1

Action                     |  1- 3 |  4- 6 |  7- 9 | 10-12 | 13-15 || total
---------------------------+-------+-------+-------+-------+-------++-------
  Melee: Unarmed           |     2 |       |       |       |       ||     2
         Dagger            |    26 |     9 |       |       |       ||    35
         Demon blade       |       |    29 |   136 |   261 |       ||   426
         Punch             |       |     1 |     1 |     4 |       ||     6
         Dire flail        |       |       |       |    72 |    84 ||   156
  Throw: Javelin           |     7 |     1 |     2 |     3 |       ||    13
         Dart              |       |       |       |    12 |       ||    12
   Cast: Sting             |    44 |    54 |    25 |    13 |       ||   136
         Poisonous Vapours |     4 |    22 |    23 |    42 |     2 ||    93
         Olgreb's Toxic Ra |       |     1 |    15 |    84 |     8 ||   108
         Mephitic Cloud    |       |       |     2 |    24 |       ||    26
 Invoke: Heroism           |       |       |       |     2 |     1 ||     3
Ability: Shaft Self        |       |       |       |       |     1 ||     1
  Evoke: Wand              |       |     1 |     2 |    22 |     5 ||    30
    Use: Scroll            |     1 |     3 |     3 |     5 |     4 ||    16
         Potion            |       |     2 |     1 |     4 |       ||     7
   Stab: Sleeping          |       |     1 |     2 |     1 |       ||     4
         Paralysed         |       |       |       |     8 |       ||     8
         Confused          |       |       |       |     1 |       ||     1
 Armour: Robe              |    12 |    13 |    39 |    12 |       ||    76
         Skin              |       |     1 |       |     4 |       ||     5
         Ring mail         |       |       |       |    50 |       ||    50
         Acid dragon scale |       |       |       |    80 |    31 ||   111
  Dodge: Dodged            |    31 |    19 |   104 |   337 |    46 ||   537
  Block: Buckler           |       |       |       |    64 |    10 ||    74
         Tower shield      |       |       |       |       |    57 ||    57
